[Event "26th Abu Dhabi Master 2019"]
[Site "Abu Dhabi"]
[Date "2019.08.08"]
[Round "7.22"]
[White "Idani, Pouya"]
[Black "Gaponenko, Inna"]
[Result "1-0"]
[ECO "B32"]
[WhiteElo "2595"]
[BlackElo "2450"]
[Annotator "ChessBase"]
[PlyCount "155"]
[EventDate "2019.08.02"]
[EventType "swiss"]
[EventCountry "UAE"]
[SourceTitle "playchess.com"]
[Source "ChessBase"]
[SourceQuality "1"]
[TimeControl "5400+30"]

1. e4 c5 2. Nf3 Nc6 3. d4 cxd4 4. Nxd4 e5 5. Nb5 d6 6. N1c3 a6 7. Na3 b5 8. Nd5 Nge7 9. c4 Nxd5 10. exd5 Nd4 11. cxb5 Bd7 12. bxa6 Qa5+ 13. Bd2 Qxd5 14. Be3 Be7 15. Bxd4 exd4 16. Be2 Bc6 17. Bf3 Qa5+ 18. Qd2 Qe5+ 19. Kd1 Bxf3+ 20. gxf3 O-O 21. Re1 Qf6 22. Qd3 d5 23. Nc2 Bd6 24. a3 Rfb8 25. Ra2 Rb6 26. Nxd4 Rbxa6 27. Nb5 Be5 28. b3 Re6 29. h3 h5 30. Rae2 Rae8 31. Kc2 Qh4 32. a4 Qxh3 33. Nd4 Bxd4 34. Rxe6 Rxe6 35. Rxe6 Qxe6 36. Qxd4 Qe2+ 37. Kc3 Qe1+ 38. Kb2 g5 39. Qxd5 Qxf2+ 40. Ka3 Qe3 41. a5 h4 42. Qf5 Qc1+ 43. Ka4 Qc6+ 44. Kb4 Qd6+ 45. Kb5 Qb8+ 46. Ka4 Qe8+ 47. Ka3 Qe7+ 48. b4 Qe3+ 49. Ka4 Qd2 50. a6 h3 51. Qxh3 Qa2+ 52. Kb5 Qd5+ 53. Kb6 Qd8+ 54. Kc5 Qc7+ 55. Kd5 Qd8+ 56. Kc4 Qc7+ 57. Kb3 Qc6 58. Qf5 Qxa6 59. Qxg5+ Kf8 60. Qd8+ Kg7 61. Qd5 Qa1 62. b5 Qb1+ 63. Ka4 Qa1+ 64. Kb4 Qe1+ 65. Kc5 Qe7+ 66. Qd6 Qa7+ 67. Kb4 Qe3 68. f4 Qe1+ 69. Kc5 Qc3+ 70. Kb6 Qc4 71. Qe5+ Kg6 72. f5+ Kg5 73. Qc5 Qe4 74. Kc7 Qf4+ 75. Kc8 Kf6 76. b6 Qa4 77. Qd6+ Kg7 78. b7 1-0

[Event "26th Abu Dhabi Master 2019"]
[Site "Abu Dhabi"]
[Date "2019.08.08"]
[Round "7.23"]
[White "Praggnanandhaa R"]
[Black "Akash Pc, Iyer"]
[Result "1/2-1/2"]
[ECO "B12"]
[WhiteElo "2540"]
[BlackElo "2441"]
[Annotator "ChessBase"]
[PlyCount "133"]
[EventDate "2019.08.02"]
[EventType "swiss"]
[EventCountry "UAE"]
[SourceTitle "playchess.com"]
[Source "ChessBase"]
[SourceQuality "1"]
[TimeControl "5400+30"]

1. e4 c6 2. d4 d5 3. e5 Bf5 4. Nd2 e6 5. Nb3 Ne7 6. Nf3 Bg4 7. h3 Bxf3 8. Qxf3 Ng6 9. h4 Nxh4 10. Qh3 Be7 11. Bd3 Nd7 12. g3 Nf3+ 13. Ke2 Ng5 14. Bxg5 Bxg5 15. f4 Be7 16. f5 exf5 17. Qxf5 g6 18. Qf3 Bg5 19. Raf1 Qe7 20. Kd1 Nf8 21. Rh2 Ne6 22. Qh1 h6 23. Rhf2 O-O 24. c3 Rad8 25. Be2 c5 26. Bg4 cxd4 27. cxd4 b6 28. Qh3 Ng7 29. Qh1 a5 30. Qf3 f5 31. exf6 Rxf6 32. Qd3 Rxf2 33. Rxf2 Qe4 34. Qxe4 dxe4 35. a4 Rf8 36. Rc2 h5 37. Bh3 Rf3 38. Rc3 e3 39. Nd2 Rxg3 40. Ne4 Rg1+ 41. Ke2 Nf5 42. Rc8+ Kg7 43. Rc7+ Kh6 44. Bxf5 gxf5 45. Nxg5 Rxg5 46. Kxe3 h4 47. Rc8 Rh5 48. Kf2 f4 49. Rc6+ Kg7 50. Rxb6 h3 51. Rb5 Rh4 52. Kg1 h2+ 53. Kh1 Kf6 54. Re5 f3 55. Re3 Rh3 56. Re8 Kf5 57. d5 Kg4 58. Rg8+ Kf4 59. d6 Rh7 60. Re8 Rd7 61. Kxh2 Rxd6 62. Kg1 Rd1+ 63. Kf2 Rd2+ 64. Kf1 Rxb2 65. Rf8+ Ke3 66. Re8+ Kd3 67. Re5 1/2-1/2

[Event "26th Abu Dhabi Master 2019"]
[Site "Abu Dhabi"]
[Date "2019.08.08"]
[Round "7.24"]
[White "Santos Ruiz, Miguel"]
[Black "Suleymanli, Aydin"]
[Result "1/2-1/2"]
[ECO "D11"]
[WhiteElo "2567"]
[BlackElo "2416"]
[Annotator "ChessBase"]
[PlyCount "43"]
[EventDate "2019.08.02"]
[EventType "swiss"]
[EventCountry "UAE"]
[SourceTitle "playchess.com"]
[Source "ChessBase"]
[SourceQuality "1"]
[TimeControl "5400+30"]

1. d4 d5 2. c4 c6 3. Nf3 Nf6 4. e3 e6 5. b3 c5 6. Bb2 cxd4 7. Nxd4 Be7 8. Nc3 O-O 9. Be2 dxc4 10. Bxc4 Bd7 11. O-O Nc6 12. Nf3 Qa5 13. a3 Rfd8 14. b4 Qh5 15. Be2 Rac8 16. Rc1 a6 17. Na4 Be8 18. Qb3 b5 19. Nc3 a5 20. Nxb5 axb4 21. Nfd4 Nxd4 22. Nxd4 1/2-1/2

[Event "26th Abu Dhabi Master 2019"]
[Site "Abu Dhabi"]
[Date "2019.08.08"]
[Round "7.25"]
[White "Shevchenko, Kirill"]
[Black "Vaishali R"]
[Result "1-0"]
[ECO "A28"]
[WhiteElo "2536"]
[BlackElo "2344"]
[Annotator "ChessBase"]
[PlyCount "73"]
[EventDate "2019.08.02"]
[EventType "swiss"]
[EventCountry "UAE"]
[SourceTitle "playchess.com"]
[Source "ChessBase"]
[SourceQuality "1"]
[TimeControl "5400+30"]

1. c4 e5 2. Nc3 Nf6 3. Nf3 Nc6 4. e4 Bb4 5. d3 d6 6. a3 Bc5 7. b4 Bb6 8. Na4 Bd4 9. Nxd4 Nxd4 10. Nc3 O-O 11. Ne2 Bg4 12. f3 Bd7 13. Nxd4 exd4 14. Be2 Ne8 15. O-O f5 16. c5 Qe7 17. Bb2 dxc5 18. bxc5 Qxc5 19. Qb3+ Kh8 20. Qxb7 Nd6 21. Qb4 Qxb4 22. axb4 Nb5 23. Rfc1 c6 24. Bd1 Rfb8 25. Rc4 Kg8 26. Ra5 Kf7 27. Ba4 fxe4 28. fxe4 Rb7 29. Bxd4 Be6 30. Bxb5 cxb5 31. Rc3 Rd7 32. Bc5 a6 33. Kf2 h5 34. Ke3 h4 35. Rca3 Re8 36. Rxa6 Bd5 37. Ra7 1-0

[Event "26th Abu Dhabi Master 2019"]
[Site "Abu Dhabi"]
[Date "2019.08.08"]
[Round "7.26"]
[White "Xu, Yi"]
[Black "Assaubayeva, Bibisara"]
[Result "1-0"]
[ECO "C90"]
[WhiteElo "2524"]
[BlackElo "2375"]
[Annotator "ChessBase"]
[PlyCount "85"]
[EventDate "2019.08.02"]
[EventType "swiss"]
[EventCountry "UAE"]
[SourceTitle "playchess.com"]
[Source "ChessBase"]
[SourceQuality "1"]
[TimeControl "5400+30"]

1. e4 e5 2. Nf3 Nc6 3. Bb5 a6 4. Ba4 Nf6 5. O-O Be7 6. Re1 b5 7. Bb3 O-O 8. d3 d6 9. c3 Re8 10. Nbd2 Bf8 11. Nf1 Bb7 12. Ng3 Na5 13. Bc2 c5 14. d4 cxd4 15. cxd4 exd4 16. Nxd4 g6 17. b3 Bg7 18. Bb2 h5 19. Qd2 h4 20. Ngf5 gxf5 21. Nxf5 Re6 22. Rad1 Ne8 23. Nxg7 Nxg7 24. f4 Rg6 25. f5 Rg4 26. h3 Rg3 27. Re3 Rg5 28. Rd3 Ne8 29. Qf4 Rh5 30. Qf3 Rg5 31. Qf4 Rh5 32. f6 Qc8 33. Kh1 Kf8 34. R1d2 Nc6 35. Bd1 Rh8 36. Qg5 Ne5 37. Rxd6 Ng6 38. Bg4 Qb8 39. Ba3 Kg8 40. Bf5 Rh7 41. Bxg6 fxg6 42. Qxg6+ Kh8 43. Rd7 1-0

[Event "26th Abu Dhabi Master 2019"]
[Site "Abu Dhabi"]
[Date "2019.08.08"]
[Round "7.27"]
[White "Dimakiling, Oliver"]
[Black "Nguyen, Anh Khoi"]
[Result "0-1"]
[ECO "A05"]
[WhiteElo "2403"]
[BlackElo "2516"]
[Annotator "ChessBase"]
[PlyCount "60"]
[EventDate "2019.08.02"]
[EventType "swiss"]
[EventCountry "UAE"]
[SourceTitle "playchess.com"]
[Source "ChessBase"]
[SourceQuality "1"]
[TimeControl "5400+30"]

1. Nf3 Nf6 2. b3 g6 3. g3 Bg7 4. Bb2 O-O 5. Bg2 d5 6. O-O c5 7. e3 Nc6 8. d4 cxd4 9. exd4 Bf5 10. Nc3 Nb4 11. a3 Nc6 12. Re1 Rc8 13. Ne5 e6 14. g4 Nxe5 15. gxf5 Neg4 16. h3 Nh6 17. fxe6 Nf5 18. Qd3 fxe6 19. Rxe6 Nh4 20. Bh1 Nh5 21. Ne2 Qg5+ 22. Kf1 Nf5 23. Ke1 Kh8 24. Bxd5 Rce8 25. Re5 Qh4 26. c4 Nxd4 27. Rxe8 Rxe8 28. Bxd4 Bxd4 29. Rd1 Qxf2+ 30. Kd2 Rxe2+ 0-1

[Event "26th Abu Dhabi Master 2019"]
[Site "Abu Dhabi"]
[Date "2019.08.08"]
[Round "7.28"]
[White "Kiriakov, Petr"]
[Black "Nitish Belurkar"]
[Result "1/2-1/2"]
[ECO "E30"]
[WhiteElo "2516"]
[BlackElo "2302"]
[Annotator "ChessBase"]
[PlyCount "67"]
[EventDate "2019.08.02"]
[EventType "swiss"]
[EventCountry "UAE"]
[SourceTitle "playchess.com"]
[Source "ChessBase"]
[SourceQuality "1"]
[TimeControl "5400+30"]

1. d4 Nf6 2. c4 e6 3. Nc3 Bb4 4. Bg5 h6 5. Bh4 O-O 6. e3 d6 7. Bd3 Nbd7 8. Nge2 b6 9. O-O Bb7 10. f3 d5 11. cxd5 exd5 12. Rc1 Be7 13. Kh1 c5 14. Bb1 Re8 15. Bf2 Rc8 16. Ng3 Bf8 17. Re1 a6 18. a3 g6 19. e4 cxd4 20. Bxd4 dxe4 21. Ncxe4 Nxe4 22. Bxe4 Bxe4 23. Rxc8 Qxc8 24. Nxe4 Re6 25. Bc3 Qc6 26. Qd4 f5 27. Qh8+ Kf7 28. Qh7+ Ke8 29. Nf6+ Kd8 30. Rxe6 Qxe6 31. Qh8 Kc7 32. Nxd7 Qxd7 33. Be5+ Bd6 34. h3 1/2-1/2

[Event "26th Abu Dhabi Master 2019"]
[Site "Abu Dhabi"]
[Date "2019.08.08"]
[Round "7.29"]
[White "Agmanov, Zhandos"]
[Black "Kuybokarov, Temur"]
[Result "0-1"]
[ECO "C74"]
[WhiteElo "2402"]
[BlackElo "2511"]
[Annotator "ChessBase"]
[PlyCount "36"]
[EventDate "2019.08.02"]
[EventType "swiss"]
[EventCountry "UAE"]
[SourceTitle "playchess.com"]
[Source "ChessBase"]
[SourceQuality "1"]
[TimeControl "5400+30"]

1. e4 e5 2. Nf3 Nc6 3. Bb5 a6 4. Ba4 d6 5. c3 f5 6. exf5 Bxf5 7. O-O Bd3 8. Re1 Be7 9. Qb3 Qc8 10. c4 e4 11. Nd4 Nf6 12. Nxc6 bxc6 13. Bxc6+ Kf7 14. c5+ Kg6 15. Re3 Qf5 16. Rg3+ Ng4 17. Qd1 Qxf2+ 18. Kh1 Qxg3 0-1

[Event "26th Abu Dhabi Master 2019"]
[Site "Abu Dhabi"]
[Date "2019.08.08"]
[Round "7.30"]
[White "Sindarov, Javokhir"]
[Black "Viani Antonio Dcunha"]
[Result "1-0"]
[ECO "C78"]
[WhiteElo "2479"]
[BlackElo "2371"]
[Annotator "ChessBase"]
[PlyCount "40"]
[EventDate "2019.08.02"]
[EventType "swiss"]
[EventCountry "UAE"]
[SourceTitle "playchess.com"]
[Source "ChessBase"]
[SourceQuality "1"]
[TimeControl "5400+30"]

1. e4 e5 2. Nf3 Nc6 3. Bb5 a6 4. Ba4 Nf6 5. O-O Bc5 6. c3 b5 7. Bb3 d6 8. a4 Bg4 9. h3 Bh5 10. d3 h6 11. Re1 O-O 12. Nbd2 b4 13. a5 Rb8 14. Bc4 Qc8 15. Nf1 bxc3 16. bxc3 Ne7 17. Ng3 Bg6 18. Qe2 Ra8 19. Bd2 Nc6 20. Kh1 Kh7 1-0

[Event "26th Abu Dhabi Master 2019"]
[Site "Abu Dhabi"]
[Date "2019.08.08"]
[Round "7.31"]
[White "Akopian, Vladimir"]
[Black "Soumya, Swaminathan"]
[Result "1-0"]
[ECO "B31"]
[WhiteElo "2650"]
[BlackElo "2402"]
[Annotator "ChessBase"]
[PlyCount "101"]
[EventDate "2019.08.02"]
[EventType "swiss"]
[EventCountry "UAE"]
[SourceTitle "playchess.com"]
[Source "ChessBase"]
[SourceQuality "1"]
[TimeControl "5400+30"]

1. e4 c5 2. Nf3 Nc6 3. Bb5 g6 4. O-O Bg7 5. Nc3 e5 6. Bc4 h6 7. a3 a6 8. b4 b5 9. Bb3 d6 10. d3 Nge7 11. Nd5 Bb7 12. c3 Nxd5 13. Bxd5 O-O 14. Be3 Qe7 15. h4 Kh7 16. h5 Nd8 17. c4 Ne6 18. bxc5 Nxc5 19. Bxc5 dxc5 20. Rb1 Rad8 21. Qc2 Rd7 22. Rfc1 Rc8 23. Qd2 Qd8 24. g3 Bf6 25. Kg2 Bxd5 26. cxd5 Bg5 27. hxg6+ fxg6 28. Nxg5+ Qxg5 29. f4 Qf6 30. Qb2 Re7 31. fxe5 Rxe5 32. Rf1 Qg7 33. Rf7 Qxf7 34. Qxe5 Rf8 35. Qf4 Qe7 36. Qe3 Qd6 37. Rc1 Rc8 38. Rh1 h5 39. g4 Rg8 40. Qg3 Qf6 41. e5 Qg5 42. d6 Qd2+ 43. Kh3 Rf8 44. gxh5 g5 45. Rh2 Qd1 46. Rf2 Rxf2 47. Qxf2 Qxd3+ 48. Kg4 c4 49. Qf7+ Kh8 50. Qf6+ Kh7 51. Qg6+ 1-0

[Event "26th Abu Dhabi Master 2019"]
[Site "Abu Dhabi"]
[Date "2019.08.08"]
[Round "7.32"]
[White "Iniyan, P."]
[Black "Rakesh Kumar Jena"]
[Result "1-0"]
[ECO "B30"]
[WhiteElo "2524"]
[BlackElo "2395"]
[Annotator "ChessBase"]
[PlyCount "157"]
[EventDate "2019.08.02"]
[EventType "swiss"]
[EventCountry "UAE"]
[SourceTitle "playchess.com"]
[Source "ChessBase"]
[SourceQuality "1"]
[TimeControl "5400+30"]

1. e4 c5 2. Nf3 Nc6 3. g3 Nf6 4. d3 g6 5. Bg2 Bg7 6. O-O O-O 7. Re1 d5 8. Nbd2 dxe4 9. dxe4 Qc7 10. c3 Rd8 11. Qe2 a5 12. a4 b6 13. Nc4 e5 14. Na3 Ba6 15. Nb5 Qe7 16. Bg5 h6 17. Bxf6 Qxf6 18. Qc2 Bxb5 19. axb5 Na7 20. Qe2 Rd6 21. Reb1 Qe7 22. Bf1 Qd7 23. Kg2 Rc8 24. Qc4 Rc7 25. Qa4 Nc8 26. Bc4 Qd8 27. Qc2 Rdd7 28. Rd1 Nd6 29. Nd2 h5 30. Bd5 Qf6 31. c4 h4 32. Ra3 g5 33. Rd3 Qg6 34. Nf1 Re7 35. Qe2 Kh8 36. Qg4 f5 37. exf5 Qxf5 38. Qh5+ Qh7 39. Qxg5 e4 40. R3d2 h3+ 41. Kg1 Ne8 42. Ne3 Bh6 43. Qh4 Bxe3 44. Qxh7+ Kxh7 45. fxe3 Nf6 46. Bc6 Ng4 47. Re2 Kg7 48. Rf1 Ne5 49. Bxe4 Nxc4 50. Rf4 Rcd7 51. Kf2 Rd6 52. g4 Rf6 53. g5 Rf8 54. Kg3 Nd6 55. Bc6 Nf5+ 56. Kxh3 Rh8+ 57. Kg2 Nxe3+ 58. Kg1 Rd8 59. Re4 Rd1+ 60. Kf2 Rxe4 61. Bxe4 Nc4 62. h4 Rd4 63. h5 Ne5 64. h6+ Kf8 65. Kg3 Nf7 66. Rf2 Ke7 67. h7 Nxg5 68. h8=Q Nxe4+ 69. Kg2 Nxf2 70. Qg7+ Ke6 71. Kxf2 Rd6 72. Ke3 Kd5 73. Qf7+ Ke5 74. Qf4+ Ke6 75. Qe4+ Kd7 76. Kf3 Kc7 77. Qa8 Kd7 78. Ke4 Ke6 79. Qe8+ {[%emt 0:00:05] Kd5+} 1-0

[Event "26th Abu Dhabi Master 2019"]
[Site "Abu Dhabi"]
[Date "2019.08.08"]
[Round "7.33"]
[White "Sadhwani, Raunak"]
[Black "Manush Shah"]
[Result "1-0"]
[ECO "B10"]
[WhiteElo "2477"]
[BlackElo "2373"]
[Annotator "ChessBase"]
[PlyCount "116"]
[EventDate "2019.08.02"]
[EventType "swiss"]
[EventCountry "UAE"]
[SourceTitle "playchess.com"]
[Source "ChessBase"]
[SourceQuality "1"]
[TimeControl "5400+30"]

1. e4 c6 2. Nc3 d5 3. Nf3 dxe4 4. Nxe4 Nf6 5. Qe2 Nxe4 6. Qxe4 Qd5 7. Qh4 Qe6+ 8. Be2 Qg4 9. Qg3 Qxg3 10. hxg3 Bf5 11. c3 Nd7 12. d4 h6 13. Bf4 e6 14. Nd2 Nb6 15. g4 Bg6 16. g5 f6 17. gxf6 gxf6 18. Nf3 Nd5 19. Bd2 O-O-O 20. O-O-O h5 21. Rh4 Be7 22. Rdh1 Rhg8 23. g3 Rdf8 24. R4h2 c5 25. Re1 cxd4 26. Nxd4 e5 27. Bc4 Rd8 28. Nc2 Rgf8 29. Ne3 Nb6 30. Be2 Na4 31. Bxh5 Bxh5 32. Rxh5 Nxb2 33. Kc2 Nd3 34. Rf1 Rd7 35. c4 Bc5 36. Rf5 Bxe3 37. Bxe3 Nb4+ 38. Kb3 Nc6 39. Rh1 Rd3+ 40. Kc2 Nb4+ 41. Kb2 b6 42. Rh6 Rd6 43. g4 Rc6 44. Kb3 Nd3 45. g5 Kd7 46. Rh7+ Ke6 47. Rxf6+ Rxf6 48. gxf6 Nc5+ 49. Bxc5 Rxc5 50. Rxa7 Kxf6 51. Ra6 Rc6 52. a4 Re6 53. c5 bxc5 54. Rxe6+ Kxe6 55. Kc4 Kd6 56. f3 Kc6 57. a5 Kd6 58. Kb5 Kd5 1-0

[Event "26th Abu Dhabi Master 2019"]
[Site "Abu Dhabi"]
[Date "2019.08.08"]
[Round "7.34"]
[White "Kulkarni, Rakesh"]
[Black "Arjun Kalyan"]
[Result "0-1"]
[ECO "D58"]
[WhiteElo "2360"]
[BlackElo "2482"]
[Annotator "ChessBase"]
[PlyCount "74"]
[EventDate "2019.08.02"]
[EventType "swiss"]
[EventCountry "UAE"]
[SourceTitle "playchess.com"]
[Source "ChessBase"]
[SourceQuality "1"]
[TimeControl "5400+30"]

1. d4 d5 2. c4 e6 3. Nc3 Be7 4. Nf3 Nf6 5. Bg5 h6 6. Bh4 O-O 7. e3 b6 8. Rc1 Bb7 9. cxd5 Nxd5 10. Bxe7 Qxe7 11. Bd3 c5 12. dxc5 Rd8 13. Qe2 Nd7 14. Nxd5 Bxd5 15. e4 Bb7 16. c6 Rac8 17. Bb5 Nb8 18. Ne5 Qb4+ 19. Rc3 Nxc6 20. a3 Qa5 21. Nxc6 Bxc6 22. Bc4 Rd4 23. O-O Rxe4 24. Qc2 Bb7 25. Rc1 Qg5 26. Bf1 Rxc3 27. Qxc3 Rg4 28. f3 Rf4 29. Qe3 Bxf3 30. Rc8+ Kh7 31. h4 Qg4 32. Qd3+ Be4 33. Qd8 Qg3 34. Qg8+ Kg6 35. h5+ Kxh5 36. Rc3 Qf2+ 37. Kh2 Rh4+ 0-1

[Event "26th Abu Dhabi Master 2019"]
[Site "Abu Dhabi"]
[Date "2019.08.08"]
[Round "7.35"]
[White "Tahbaz, Arash"]
[Black "Kathmale, Sameer"]
[Result "1-0"]
[ECO "A49"]
[WhiteElo "2461"]
[BlackElo "2326"]
[Annotator "ChessBase"]
[PlyCount "49"]
[EventDate "2019.08.02"]
[EventType "swiss"]
[EventCountry "UAE"]
[SourceTitle "playchess.com"]
[Source "ChessBase"]
[SourceQuality "1"]
[TimeControl "5400+30"]

1. d4 Nf6 2. Nf3 g6 3. g3 c5 4. Bg2 cxd4 5. O-O Bg7 6. Nxd4 d5 7. c4 dxc4 8. Qa4+ Nbd7 9. Rd1 O-O 10. Qxc4 Qa5 11. Nc3 a6 12. h3 Qc5 13. Qxc5 Nxc5 14. Be3 Nfd7 15. Nd5 Bf6 16. Rac1 a5 17. Nxf6+ exf6 18. Nb5 Ne6 19. Rxc8 Raxc8 20. Rxd7 Rc2 21. Bd5 Rxb2 22. a4 Rxe2 23. Bxe6 fxe6 24. Bh6 Ra2 25. Nd6 1-0

[Event "26th Abu Dhabi Master 2019"]
[Site "Abu Dhabi"]
[Date "2019.08.08"]
[Round "7.36"]
[White "Samant Aditya S"]
[Black "Venkatesh, M.R."]
[Result "0-1"]
[ECO "C76"]
[WhiteElo "2296"]
[BlackElo "2480"]
[Annotator "ChessBase"]
[PlyCount "94"]
[EventDate "2019.08.02"]
[EventType "swiss"]
[EventCountry "UAE"]
[SourceTitle "playchess.com"]
[Source "ChessBase"]
[SourceQuality "1"]
[TimeControl "5400+30"]

1. e4 e5 2. Nf3 Nc6 3. Bb5 a6 4. Ba4 d6 5. c3 Bd7 6. d4 g6 7. O-O Bg7 8. Be3 Nf6 9. d5 Ne7 10. Bxd7+ Qxd7 11. Qc2 h6 12. c4 Ng4 13. Bd2 f5 14. Nc3 O-O 15. Qd3 Nf6 16. Ne1 b5 17. f3 b4 18. Nd1 c5 19. dxc6 Qxc6 20. Nf2 a5 21. b3 Nd7 22. Nc2 Nc5 23. Qe2 Rf7 24. Rfe1 Raf8 25. Rab1 g5 26. exf5 Nxf5 27. Ne4 g4 28. fxg4 Nh4 29. Nxc5 Rf2 30. Qe4 Rxg2+ 31. Kh1 Qxc5 32. Be3 Qc7 33. Rf1 Qc8 34. h3 Kh8 35. Rbd1 Rxf1+ 36. Rxf1 d5 37. Qxd5 Rxc2 38. Rf7 Qg8 39. Qe6 Qa8+ 40. Qd5 Qxd5+ 41. cxd5 Rc3 42. Bf2 Rxh3+ 43. Kg1 Ng6 44. Ra7 Rd3 45. Rxa5 Nf4 46. Rb5 Nxd5 47. Bc5 e4 0-1

[Event "26th Abu Dhabi Master 2019"]
[Site "Abu Dhabi"]
[Date "2019.08.08"]
[Round "7.37"]
[White "Costachi, Mihnea"]
[Black "Krishnater Kushager"]
[Result "1/2-1/2"]
[ECO "E71"]
[WhiteElo "2471"]
[BlackElo "2324"]
[Annotator "ChessBase"]
[PlyCount "38"]
[EventDate "2019.08.02"]
[EventType "swiss"]
[EventCountry "UAE"]
[SourceTitle "playchess.com"]
[Source "ChessBase"]
[SourceQuality "1"]
[TimeControl "5400+30"]

1. d4 Nf6 2. c4 g6 3. Nc3 Bg7 4. e4 d6 5. h3 O-O 6. Be3 c6 7. Nf3 Na6 8. Be2 e5 9. O-O exd4 10. Nxd4 Re8 11. Bf3 Nc5 12. Qc2 Qe7 13. Rfe1 Bd7 14. Rad1 Nfxe4 15. Bxe4 Nxe4 16. Bc1 f5 17. f3 Qh4 18. Nxe4 Bxd4+ 19. Kf1 fxe4 1/2-1/2

[Event "26th Abu Dhabi Master 2019"]
[Site "Abu Dhabi"]
[Date "2019.08.08"]
[Round "7.38"]
[White "Ajay Krishna, S."]
[Black "Muradli, Mahammad"]
[Result "0-1"]
[ECO "A05"]
[WhiteElo "2280"]
[BlackElo "2454"]
[Annotator "ChessBase"]
[PlyCount "110"]
[EventDate "2019.08.02"]
[EventType "swiss"]
[EventCountry "UAE"]
[SourceTitle "playchess.com"]
[Source "ChessBase"]
[SourceQuality "1"]
[TimeControl "5400+30"]

1. Nf3 Nf6 2. c4 e6 3. g3 d5 4. b3 d4 5. e3 Nc6 6. Bg2 Bc5 7. O-O O-O 8. exd4 Nxd4 9. Ba3 Bxa3 10. Nxa3 Nxf3+ 11. Qxf3 Qxd2 12. Nb5 Qa5 13. a3 Qb6 14. b4 a5 15. Rab1 axb4 16. axb4 Bd7 17. Qxb7 Qxb7 18. Bxb7 Rab8 19. Ba6 Rb6 20. Ra1 c6 21. c5 Rbb8 22. Nd6 Rxb4 23. Be2 Rb2 24. Bf3 Rb3 25. Kg2 Rfb8 26. Rfc1 g5 27. Ra6 Rb2 28. Nc4 R2b7 29. Ne5 Rc7 30. Nxd7 Rxd7 31. Bxc6 Rd2 32. Ra8 Rxa8 33. Bxa8 Rd7 34. h3 Rc7 35. Bf3 Kf8 36. c6 Ke7 37. Rc5 h6 38. Rb5 Kd6 39. Rb8 e5 40. Rd8+ Ke6 41. Rh8 e4 42. Bd1 Rxc6 43. Rxh6 Rd6 44. Bb3+ Ke7 45. Rh8 Rd2 46. Kf1 Nd7 47. Ke1 Rb2 48. Bd5 f5 49. g4 Ne5 50. Ba8 Nd3+ 51. Kf1 Rxf2+ 52. Kg1 e3 53. Bc6 f4 54. Rg8 Kd6 55. Be4 e2 0-1

[Event "26th Abu Dhabi Master 2019"]
[Site "Abu Dhabi"]
[Date "2019.08.08"]
[Round "7.39"]
[White "Aditya Mittal"]
[Black "Vantika Agrawal"]
[Result "1/2-1/2"]
[ECO "E73"]
[WhiteElo "2429"]
[BlackElo "2243"]
[Annotator "NA"]
[PlyCount "92"]
[EventDate "2019.08.02"]
[EventType "swiss"]
[EventCountry "UAE"]
[SourceTitle "playchess.com"]
[Source "ChessBase"]
[SourceQuality "1"]
[TimeControl "5400+30"]

1. d4 Nf6 2. c4 g6 3. Nc3 Bg7 4. e4 d6 5. Be2 O-O 6. Be3 Nbd7 7. f4 e5 8. fxe5 dxe5 9. d5 Qe7 10. Nh3 Ne8 11. g4 Qh4+ 12. Nf2 f5 13. gxf5 gxf5 14. exf5 Nd6 15. Qd2 Nxf5 16. Bg5 Qd4 17. Nb5 Qxd2+ 18. Bxd2 Nd4 19. Nxd4 exd4 20. Nd3 Re8 21. Rg1 Kh8 22. Nf4 Nf6 23. O-O-O Bd7 24. Bd3 c6 25. d6 c5 26. Rg5 b6 27. Rdg1 Bh6 28. Ng6+ hxg6 29. Rxg6 Bxd2+ 30. Kxd2 Ng4 31. h3 Rg8 32. hxg4 Rxg6 33. Bxg6 Kg7 34. Be4 Rh8 35. g5 Rh2+ 36. Kc1 Re2 37. Bd5 Kg6 38. Rf1 d3 39. Rd1 Rc2+ 40. Kb1 Kxg5 41. Rxd3 Rf2 42. Be4 Kf4 43. Bb7 Ke5 44. Rd5+ Ke6 45. a3 Rf4 46. Rd2 Rd4 1/2-1/2

[Event "26th Abu Dhabi Master 2019"]
[Site "Abu Dhabi"]
[Date "2019.08.08"]
[Round "7.40"]
[White "Laxman, R.R."]
[Black "Tarini Goyal"]
[Result "1-0"]
[ECO "E04"]
[WhiteElo "2429"]
[BlackElo "2038"]
[Annotator "NA"]
[PlyCount "152"]
[EventDate "2019.08.02"]
[EventType "swiss"]
[EventCountry "UAE"]
[SourceTitle "playchess.com"]
[Source "ChessBase"]
[SourceQuality "1"]
[TimeControl "5400+30"]

1. d4 Nf6 2. Nf3 d5 3. c4 e6 4. g3 dxc4 5. Bg2 Nc6 6. Qa4 Bb4+ 7. Bd2 Nd5 8. Bxb4 Ndxb4 9. O-O Bd7 10. Ne5 a5 11. Nxd7 Qxd7 12. Nc3 O-O 13. a3 Nd5 14. Qxc4 Nce7 15. Ne4 c6 16. Nc5 Qc7 17. Rfd1 Rfd8 18. Rac1 Qb6 19. b3 Rac8 20. Bf1 Qa7 21. e3 g6 22. b4 axb4 23. axb4 Nf5 24. Qb3 Nd6 25. Ra1 Qb8 26. Rdc1 Nc7 27. Qb2 Ncb5 28. Qb3 Qc7 29. h4 Qe7 30. Qa2 h5 31. Bd3 Kg7 32. Qb2 Qf6 33. Kg2 Kg8 34. Rc2 Qg7 35. Rac1 Ra8 36. Nb3 Ra4 37. Na5 Ra8 38. Rd2 Qf8 39. e4 Nc8 40. Rb1 Qe7 41. d5 exd5 42. exd5 Ncd6 43. Re2 Qc7 44. dxc6 bxc6 45. Rbe1 Qb6 46. Bxg6 fxg6 47. Qb3+ Kh8 48. Qxa4 Nc3 49. Qc2 Nxe2 50. Rxe2 Nf5 51. Qc3+ Kh7 52. Qf6 Qxb4 53. Nxc6 Qb7 54. Re6 Rg8 55. Kh2 Qg7 56. Qg5 Qh6 57. Ne5 Qxg5 58. hxg5 Rg7 59. f4 Ne3 60. Kh3 Ng4 61. Nxg4 hxg4+ 62. Kxg4 Ra7 63. Kf3 Kg7 64. g4 Ra5 65. Re7+ Kf8 66. Rd7 Ra1 67. Rd4 Rg1 68. Ra4 Kg7 69. Ke4 Rxg4 70. Ke5 Rh4 71. Ra7+ Kg8 72. Rd7 Rg4 73. Rb7 Rh4 74. Rc7 Rg4 75. Rd7 Rh4 76. Kf6 Rg4 1-0

[Event "26th Abu Dhabi Master 2019"]
[Site "Abu Dhabi"]
[Date "2019.08.08"]
[Round "7.41"]
[White "Senthil Maran K"]
[Black "Sammed Jaykumar, Shete"]
[Result "1/2-1/2"]
[ECO "A46"]
[WhiteElo "2222"]
[BlackElo "2416"]
[Annotator "NA"]
[PlyCount "69"]
[EventDate "2019.08.02"]
[EventType "swiss"]
[EventCountry "UAE"]
[SourceTitle "playchess.com"]
[Source "ChessBase"]
[SourceQuality "1"]
[TimeControl "5400+30"]

1. d4 Nf6 2. Nf3 c5 3. c4 cxd4 4. Nxd4 b6 5. Nc3 Bb7 6. Bf4 d6 7. Nf3 Nbd7 8. h3 g6 9. e3 Bg7 10. Rc1 Ne4 11. Nxe4 Bxe4 12. Qd2 Bxf3 13. gxf3 O-O 14. Bg2 Rc8 15. O-O Qc7 16. b3 Nc5 17. Bg3 a5 18. f4 f5 19. Bh4 h6 20. Kh1 Kh7 21. Rg1 Bf6 22. Bxf6 Rxf6 23. Bf3 Rg8 24. Rg3 e5 25. Bd5 Rg7 26. f3 g5 27. Rcg1 Rfg6 28. h4 gxh4 29. Rxg6 Rxg6 30. Rxg6 Kxg6 31. Qg2+ Kf6 32. Qh3 exf4 33. exf4 Kg6 34. Qg2+ Kf6 35. Qb2+ {[%emt 0:00:17] Ke5} 1/2-1/2

[Event "26th Abu Dhabi Master 2019"]
[Site "Abu Dhabi"]
[Date "2019.08.08"]
[Round "7.42"]
[White "Ilyasli, Ughur"]
[Black "Ni, Shiqun"]
[Result "1-0"]
[ECO "A36"]
[WhiteElo "2104"]
[BlackElo "2407"]
[Annotator "NA"]
[PlyCount "69"]
[EventDate "2019.08.02"]
[EventType "swiss"]
[EventCountry "UAE"]
[SourceTitle "playchess.com"]
[Source "ChessBase"]
[SourceQuality "1"]
[TimeControl "5400+30"]

1. c4 c5 2. Nc3 Nc6 3. g3 g6 4. Bg2 Bg7 5. e3 d6 6. Nge2 Nf6 7. O-O O-O 8. a3 Bf5 9. d3 Qd7 10. Re1 Bh3 11. Bh1 e5 12. b4 cxb4 13. axb4 Nxb4 14. Ba3 Nc6 15. Nb5 Ne8 16. Nec3 a6 17. Nd5 Rb8 18. Nbc3 Be6 19. Rb1 f5 20. Rb6 Nc7 21. Nxc7 Qxc7 22. Nd5 Qd7 23. Qb3 f4 24. exf4 exf4 25. Nxf4 Nd4 26. Qb1 Rxf4 27. gxf4 Bh3 28. Bd5+ Kh8 29. Kh1 Qg4 30. Rxb7 Rf8 31. Rxg7 Kxg7 32. Bxd6 Rd8 33. Be5+ Kh6 34. Rg1 Qe2 35. Rg3 1-0